 Dungeon Crawl Stone Soup version 0.21-a0-404-g291f19a (webtiles) character file.

2684 ohad the Cleaver (level 9, -1/62 HPs)
             Began as a Demonspawn Gladiator on Oct 30, 2017.
             Was a Follower of Makhleb.
             Killed from afar by an electric eel (11 damage)
             ... with a bolt of electricity
             ... on level 7 of the Dungeon.
             The game lasted 00:11:12 (6046 turns).

ohad the Cleaver (Demonspawn Gladiator)             Turns: 6046, Time: 00:11:14

Health: -1/62      AC: 11    Str: 17    XL:     9   Next: 37%
Magic:  9/9        EV: 14    Int:  9    God:    Makhleb [*.....]
Gold:   303        SH:  0    Dex: 22    Spells: 8/8 levels left

rFire    . . .     SeeInvis .   D - +0 battleaxe (curse)
rCold    . . .     Gourm    +   (shield currently unavailable)
rNeg     . . .     Faith    .   i - +0 scale mail
rPois    .         Spirit   .   c - +0 helmet
rElec    .         Reflect  .   w - +0 cloak
rCorr    .         Harm     .   u - +0 pair of gloves
MR       .....                  A - +0 pair of boots
Stlth    ..........             F - amulet of the gourmand
HPRegen  0.20/turn              T - +6 ring of dexterity
MPRegen  0.11/turn              (no ring)

@: no status effects
A: spiny 1, sturdy frame 1
a: Renounce Religion


You were on level 7 of the Dungeon.
You worshipped Makhleb.
Makhleb was aware of your devotion.
You were not hungry.

You visited 2 branches of the dungeon, and saw 8 of its levels.

You collected 303 gold pieces.

Inventory:

Hand Weapons
 a - a +0 war axe
 v - a +3 quarterstaff of chaos
 D - a cursed +0 battleaxe (weapon)
 R - a +4 flail of protection
 U - a +2 dagger of venom
 V - a +0 morningstar
 W - a +0 dire flail
Missiles
 d - 4 throwing nets (quivered)
 G - 37 poisoned needles
 M - 6 curare-tipped needles
 P - 21 bolts
Armour
 b - a +0 leather armour
 c - a +0 helmet (worn)
 g - a +0 ring mail
 i - a +0 scale mail (worn)
 n - a +0 buckler
 s - a +0 chain mail
 u - a +0 pair of gloves (worn)
 w - a +0 cloak (worn)
 A - a +0 pair of boots (worn)
 O - a cursed +0 shield
Jewellery
 F - an amulet of the gourmand (around neck)
 T - a +6 ring of dexterity (left hand)
Wands
 C - a wand of disintegration (15/24)
 K - a wand of digging (11/24)
 N - a wand of flame (28/48)
Scrolls
 j - 2 scrolls of enchant armour {unknown}
 k - 2 scrolls of amnesia {unknown}
 l - a scroll of magic mapping {unknown}
 m - a scroll of blinking {unknown}
 o - 4 scrolls of teleportation {unknown}
 y - 2 scrolls of immolation
 B - 3 scrolls of remove curse {unknown}
 H - 2 scrolls of identify
 S - a scroll of noise {unknown}
Potions
 e - 3 potions of curing
 q - a potion of magic {unknown}
 r - 2 potions of heal wounds {unknown}
 t - 2 potions of berserk rage
 z - a potion of degeneration {unknown}
 E - 2 potions of flight {unknown}
 I - a potion of invisibility {unknown}
 J - a potion of might {unknown}
 L - 3 potions of brilliance {unknown}
 Q - 2 potions of resistance {unknown}
Comestibles
 f - 4 bread rations
 h - 5 meat rations
 p - 5 fruits
 x - 5 royal jellies


   Skills:
 - Level 2.9 Fighting
 + Level 10.2 Axes
 - Level 1.7 Throwing
 - Level 4.1 Armour
 - Level 5.0 Dodging


You had 8 spell levels left.
You didn't know any spells.

Dungeon Overview and Level Annotations

Branches:
Dungeon (7/15)             Temple (1/1) D:5

Altars:
Cheibriados
Dithmenos
Elyvilon
Gozag
Kikubaaqudgha
Makhleb
Nemelex Xobeh
Okawaru
Qazlal
Ru
Sif Muna
Trog
Uskayaw
Wu Jian
Xom
Yredelemnul
Zin
The Shining One


Innate Abilities, Weirdness & Mutations

You are partially covered in sharp spines.
Your movements are slightly less encumbered by armour. (ER -2)


Message History

The electric eel shoots out a bolt of lightning at you!
The bolt of electricity hits you!
There is a stone staircase leading down, spattered with blood here.
Things that are here:
an uncursed blowgun; 14 poisoned needles The electric eel shoots out a bolt of lightning at you!
The bolt of electricity hits you!
You see here a stone.
The electric eel shoots out a bolt of lightning at you!
The bolt of electricity misses you.
The electric eel shoots out a bolt of lightning at you!
The bolt of electricity hits the electric eel.
The electric eel completely resists.
The bolt of electricity hits you!
The electric eel shoots out a bolt of lightning at you!
The bolt of electricity hits you!
* * * LOW HITPOINT WARNING * * *
The electric eel shoots out a bolt of lightning at you!
The bolt of electricity hits the electric eel.
The electric eel completely resists.
The bolt of electricity hits you!
You die...

##..### #.≈ ≈≈.≈≈≈
##...## #≈≈ ♣≈≈≈♣
#....# #≈≈ ♣;≈≈♣ ≈
##...##
#≈≈♣♣♣;.≈♣♣♣≈.
##...##
#≈≈≈≈≈≈.≈≈≈≈≈≈
##...###.≈.≈≈)≈≈.≈≈≈≈
##.)†.###..>(.....#
##.......(........#
##...)@...........
##...............
#.(..............
#................
#.................
#.................
#...............
###..........(.
###..........


You could see 2 electric eels.

Vanquished Creatures
  The ghost of Nico3ck the Shield-Bearer, a novice GrWz of Okawaru (D:5)
  Eustachio (D:5)
  Duvessa (D:4)
  2 sky beasts
  2 orc warriors
  An ice beast (D:7)
  3 ogres
  A necrophage (D:6)
  A big kobold (D:7)
  Dowan (D:4)
  2 scorpions
  5 killer bees (D:7)
  A howler monkey (D:6)
  A quasit (D:6)
  2 orc priests
  A hound (D:5)
  2 bullfrog skeletons
  8 orc wizards
  Crazy Yiuf (D:2)
  2 centaur skeletons
  Terence (D:2)
  Jessica (D:2)
  4 worker ants
  Ijyb (D:4)
  A worker ant zombie (D:6)
  8 gnolls
  8 adders
  A shadow imp (D:6)
  An ooze (D:1)
  3 worms
  2 dart slugs
  4 leopard geckos
  12 orcs
  2 ball pythons (D:1)
  A giant cockroach (D:2)
  10 goblins
  9 hobgoblins
  2 jackals (D:1)
  9 kobolds
  4 quokkas
  5 frilled lizards
  2 jackal skeletons
  8 rats
138 creatures vanquished.

Vanquished Creatures (others)
  A kobold (D:7)
1 creature vanquished.

Grand Total: 139 creatures vanquished

Notes
Turn   | Place    | Note
-------+----------+-------------------------------------------
     0 | D:1      | ohad the Demonspawn Gladiator began the quest for the Orb.
     0 | D:1      | Reached XP level 1. HP: 16/16 MP: 1/1
   186 | D:1      | Reached skill level 1 in Armour
   391 | D:1      | Gained mutation: You are partially covered in sharp spines. [demonic ancestry]
   391 | D:1      | Reached XP level 2. HP: 19/22 MP: 2/2
   581 | D:1      | Reached skill level 3 in Axes
   967 | D:2      | Reached XP level 3. HP: 14/27 MP: 3/3
  1328 | D:2      | Noticed Jessica
  1337 | D:2      | Killed Jessica
  1337 | D:2      | Reached skill level 4 in Axes
  1337 | D:2      | Reached XP level 4. HP: 26/33 MP: 4/4
  1376 | D:2      | Found an opulent altar of Gozag.
  1495 | D:2      | Found a runed door.
  1499 | D:2      | Noticed Crazy Yiuf
  1504 | D:2      | Killed Crazy Yiuf
  1579 | D:2      | Noticed Terence
  1594 | D:2      | Killed Terence
  1594 | D:2      | Reached skill level 5 in Axes
  1594 | D:2      | Gained mutation: Your movements are slightly less encumbered by armour. (ER -2) [demonic ancestry]
  1594 | D:2      | Reached XP level 5. HP: 25/38 MP: 5/5
  1853 | D:3      | Found a sacrificial altar of Ru.
  2167 | D:3      | Found a shadowy altar of Dithmenos.
  2193 | D:3      | Found a bloodstained altar of Trog.
  2701 | D:4      | Found a deep blue altar of Sif Muna.
  2701 | D:4      | Found an iron altar of Okawaru.
  2713 | D:4      | Reached XP level 6. HP: 33/44 MP: 6/6
  3216 | D:4      | Noticed Duvessa
  3221 | D:4      | Noticed Dowan
  3224 | D:4      | Noticed Ijyb
  3230 | D:4      | Killed Duvessa
  3231 | D:4      | Killed Dowan
  3231 | D:4      | Reached XP level 7. HP: 34/51 MP: 7/7
  3237 | D:4      | Killed Ijyb
  3464 | D:5      | Entered Level 5 of the Dungeon
  3483 | D:4      | Reached skill level 6 in Axes
  3670 | D:5      | Noticed Eustachio
  3692 | D:5      | Found a glowing silver altar of Zin.
  3697 | D:5      | Killed Eustachio
  3697 | D:5      | Reached skill level 7 in Axes
  3919 | D:5      | Found a faded altar of an unknown god.
  3921 | D:5      | Found a staircase to the Ecumenical Temple.
  3921 | D:5      | Noticed Nico3ck's ghost (novice GrWz)
  3923 | D:5      | Reached XP level 8. HP: 57/57 MP: 8/8
  3929 | Temple   | Entered the Ecumenical Temple
  4118 | Temple   | Became a worshipper of Makhleb the Destroyer
  4164 | D:5      | Killed Nico3ck's ghost
  4164 | D:5      | Reached skill level 8 in Axes
  4602 | D:6      | Reached skill level 9 in Axes
  5252 | D:6      | Reached skill level 10 in Axes
  5292 | D:6      | Found a glowing golden altar of the Shining One.
  5547 | D:7      | Reached XP level 9. HP: 58/62 MP: 9/9
  5555 | D:7      | Reached * piety under Makhleb
  5810 | D:7      | Reached skill level 5 in Dodging
  6046 | D:7      | Killed from afar by an electric eel

Vault maps used:
D:1:      dpeg_arrival_pits
D:2:      grunt_gozag_statues, uniq_jessica, uniq_terence,
          uniq_crazy_yiuf_cottage
D:3:      lemuel_doored_altar, lemuel_coloured_pillars_altar,
          nicolae_ru_sacrificial_ziggurat
D:4:      chequers_temple_overflow_statue_of_worship, uniq_duvessa, uniq_ijyb
D:5:      old_standard_altar, nicolae_temple_entry_ecumenical, first_bread,
          uniq_eustachio
D:6:      nicolae_overflow_hidden_temple, kennysheep_mini_moat
D:7:      kennysheep_boxes
Temple:   dpeg_chambers_temple

Skill      XL: |  1  2  3  4  5  6  7  8  9 |
---------------+----------------------------+-----
Armour         | 1 2 4 |  4.1
Axes           | 3 4 5 7 10 | 10.2
Dodging        | 5 |  5.0
Fighting       | |  2.9
Throwing       | |  1.7

Action                   |  1- 3 |  4- 6 |  7- 9 || total
-------------------------+-------+-------+-------++-------
Melee: War axe           |    69 |    84 |       ||   153
       Battleaxe         |       |    22 |   166 ||   188
Throw: Throwing net      |       |     1 |       ||     1
  Use: Scroll            |       |     3 |       ||     3
  Eat: Chunk             |     1 |     6 |    13 ||    20
Armor: Scale mail        |    36 |    37 |    54 ||   127
       Chain mail        |       |       |    48 ||    48
Dodge: Dodged            |    34 |    57 |   116 ||   207

Table legend:
 A = Spawn XP
 B = Non-spawn XP
 C = Spawn XP percentage of total XP
 D = Spawn monster count
 E = Non-spawn monster count
 F = Spawn count percentage of total count
 G = Total turns spent on level
                    A         B        C        D         E        F      G
               +---------+---------+-------+---------+---------+-------+---------
         Total |       0 |    3835 |   0.0 |       0 |     138 |   0.0 |  6046
               +---------+---------+-------+---------+---------+-------+---------
           D:1 |       0 |      30 |   0.0 |       0 |      16 |   0.0 |   920
           D:2 |       0 |     192 |   0.0 |       0 |      26 |   0.0 |   909
           D:3 |       0 |      93 |   0.0 |       0 |      17 |   0.0 |   872
           D:4 |       0 |     605 |   0.0 |       0 |      15 |   0.0 |   923
           D:5 |       0 |     998 |   0.0 |       0 |      19 |   0.0 |   722
           D:6 |       0 |     869 |   0.0 |       0 |      25 |   0.0 |   961
           D:7 |       0 |    1048 |   0.0 |       0 |      20 |   0.0 |   536
               +---------+---------+-------+---------+---------+-------+---------
